Unix NetHack Version 3.7.0-94 Work-in-progress - last build Dec 18 2023 00:11:04 (7e3deff068b9ef4f2ebb9a71ea0f5c4a3b578a14,branch:master). Game began 2023-12-18 18:41:52, ended 2023-12-18 19:19:52. Arasaka, chaotic male orcish Rogue ----- |...| |...-## |.^.| # -.--- # --------------- ### ####|..............####---------- # #..............| #|........| # |.............-####|........| # ------------.-- ###-..._....| ## ########## #--|------- #### # ## ##0# # # ###### ## ##C@# ## ## ## # #### ------.--.- # ### |..........####### # # |......>..| ---.-- ----- |.........| |.....%##########..<.. ----------- |....| |)..| ------ ----- Arasaka the Rogue St:12 Dx:18 Co:16 In:8 Wi:9 Ch:12 Chaotic Dlvl:9 $:541 HP:0(54) Pw:20(20) AC:-3 Xp:8/2507 T:6863 Overtaxed Latest messages: What do you want to invoke? [*] Never mind. What do you want to wield? [- ams or ?*] You are already wielding that! You hear a door open. Where do you want to travel to? (For instructions type a '?') You stop searching. You stop searching. The horse kicks! The horse bites! You hit the horse! The horse kicks! The horse just misses! The horse misses! The horse bites! You hit the horse! The horse misses! The horse misses! The horse kicks! The horse misses! You hit the horse! The horse kicks! The horse bites! You kill the horse! You see here a horse corpse. You have extreme difficulty lifting a horse corpse. Continue? [ynq] (q) You have extreme difficulty lifting C - a horse corpse. You can barely move a handspan with this load! The plains centaur swings his crossbow. The plains centaur hits! The plains centaur misses! The plains centaur swings his crossbow. The plains centaur hits! The plains centaur kicks! The plains centaur swings his crossbow. The plains centaur hits! The plains centaur kicks! The plains centaur swings his crossbow. The plains centaur hits! The plains centaur kicks! The plains centaur swings his crossbow. The plains centaur hits! The plains centaur kicks! The plains centaur swings his crossbow. The plains centaur hits! The plains centaur misses! The plains centaur swings his crossbow. The plains centaur hits! You die... Inventory: Coins ('$') $ - 541 gold pieces Weapons (')') m - 11 uncursed +0 daggers (at the ready) a - a blessed +3 dwarvish short sword (weapon in right hand) Armor ('[') t - an uncursed +0 dwarvish iron helm (being worn) o - an uncursed +0 pair of high boots (being worn) x - a cursed -1 small shield (being worn) u - a cursed +0 cloak of protection (being worn) Y - an uncursed +0 dwarvish mithril-coat (being worn) Comestibles ('%') w - an uncursed C-ration Q - 5 uncursed food rations C - an uncursed horse corpse n - an uncursed lizard corpse named tricebane Scrolls ('?') T - a blessed scroll of teleportation Wands ('/') q - an uncursed wand of magic missile (0:7) b - an uncursed wand of striking (0:3) I - an uncursed wand of striking named empty (0:0) B - an uncursed wand of teleportation (0:3) Tools ('(') z - an empty uncursed sack p - an uncursed blindfold e - an uncursed lock pick U - an uncursed magic lamp (lit) G - an uncursed stethoscope E - an uncursed tin whistle s - an uncursed +0 unicorn horn Gems/Stones ('*') r - an uncursed luckstone Arasaka the Rogue's attributes: Background: You were a Rogue, level 8 male orc. You were chaotic, on a mission for Kos who was opposed by Issek (lawful) and Mog (neutral). You were right-handed. You were in the Dungeons of Doom, on level 9. You entered the dungeon 6863 turns ago. You had 2507 experience points, 53 more were needed to attain level 9. Basics: You had 0 out of 54 hit points. You had all 20 energy points (spell power). Your armor class was -3. Your wallet contained 541 zorkmids. Autopickup was on for '$"?' plus thrown, with exceptions. Final Characteristics: Your strength was 12 (limit:18/50). Your dexterity was 18 (limit:18). Your constitution was 16 (limit:18). Your intelligence was 8 (limit:16). Your wisdom was 9 (limit:16). Your charisma was 12 (limit:16). Final Status: You weren't hungry. You were overtaxed; movement was extremely slowed. You were wielding a short sword. You had basic skill with short sword and could have enhanced that. Final Attributes: You were piously aligned. You were poison resistant. You had infravision. You were stealthy. You were protected. You were lucky. You had extra luck. Bad luck did not time out for you. Good luck did not time out for you. You are dead. Miscellaneous: You disabled loading of bones levels. Total elapsed playing time was 38 minutes. Major events: Turn 1: Arasaka the chaotic male orcish Rogue entered the dungeon 563: entered the Gnomish Mines 1033: attained the rank of Cutpurse (level 3) 1791: attained the rank of Rogue (level 6) 1999: reached Mine Town 4786: entered Sokoban 6863: killed by a plains centaur Vanquished creatures: a wumpus 2 small mimics a soldier a giant beetle a wolf an iron piercer a horse a baby long worm a vampire bat a gnome ruler an ogre 2 gold golems a lizard a chickatrice a housecat a jaguar a blue jelly a white unicorn 2 dust vortices 3 gnome mummies a rope golem a Woodland-elf a shrieker 6 gnome leaders 5 gnomish wizards a straw golem a paper golem 9 giant ants 3 floating eyes a kitten 9 dwarves a kobold leader a centipede 5 orc zombies 6 dwarf zombies 3 iguanas 21 killer bees 2 acid blobs a coyote 2 gas spores a hobbit a large kobold 5 giant rats 2 brown molds 30 gnomes 10 garter snakes a gnome zombie 2 geckos 8 jackals 2 kobolds a goblin 5 lichens 2 newts 175 creatures vanquished. No species were genocided or became extinct. Voluntary challenges: You read items or engraved 10 times. You engraved Elbereth 4 times. You never genocided any monsters. You never polymorphed an object. You never changed form. You used no wishes. You violated the special Sokoban rules once. Achievements: You entered the Gnomish Mines. You entered a shop. You attained the rank of Cutpurse. You attained the rank of Rogue. You entered Minetown. You entered a temple. You entered Sokoban. The Dungeons of Doom: levels 1 to 10 Level 1: A fountain. Level 2: A fountain, a grave. Level 3: A general store. Stairs down to The Gnomish Mines. Level 4: A fountain, a sink. Level 5: Many fountains. Level 6: A fountain. Stairs up to Sokoban, level 5. Level 7: Level 8: A delicatessen, a fountain. Level 9: <- You were here. An altar. Final resting place for you, killed by a plains centaur. Level 10: The Gnomish Mines: levels 4 to 8 Level 4: Level 5: Level 6: Level 7: Many shops, a temple and an altar, some fountains. Level 8: Sokoban: Level 5: Unsolved. Game over: ---------- / \ / REST \ / IN \ / PEACE \ / \ | Arasaka | | 541 Au | | killed by a | | plains centaur | | | | | | 2023 | *| * * * | * _________)/\\_//(\/(/\)/\//\/|_)_______ Goodbye Arasaka the Rogue... You died in The Dungeons of Doom on dungeon level 9 with 10975 points, and 541 pieces of gold, after 6863 moves. You were level 8 with a maximum of 54 hit points when you died.